Map: New Gettysburg LE

Players

Polt

  • Race: Terran Terran

TRUE - Winner!

  • Race: Zerg Zerg

Event: 2016 WCS Summer Circuit Championship (DH Montreal)

VOD

Have the link to the VOD?

Description

Time

  • Played on: Aug. 14, 2016, 3:31 p.m.
  • Length: 6:44

All games in this series

Show
View Real Time Build Order
Export as new Build Order

Polt Terran 

Build Orders: Reaper Expand, MMM Bio 

Get SALT Encoding   

  12  0:01  SCV  
  13  0:13  SCV  
  14  0:18  Supply Depot  
  14  0:25  SCV  
  15  0:39  SCV  
  15  0:41  Barracks  
  16  0:44  Refinery  
  16  0:51  SCV  
  17  1:03  SCV  
  18  1:15  SCV  
  19  1:28  Reaper, Orbital Command  
  20  1:41  Command Center  
  20  1:51  Barracks  
  20  1:55  SCV  
  20  2:00  Barracks Reactor  
  21  2:05  Supply Depot  
  22  2:08  SCV  
  22  2:16  Refinery  
  22  2:20  SCV  
  23  2:32  SCV  
  23  2:37  Marine x2  
  24  2:39  Barracks Tech Lab  
  24  2:42  Factory  
  26  2:44  SCV  
  27  2:54  Orbital Command  
  27  2:56  Marine x2  
  27  2:57  SCV  
  30  2:59  Marine  
  31  3:06  Stimpack  
  31  3:09  SCV  
  32  3:14  Marine x2  
  32  3:16  Marine  
  35  3:20  SCV  
  35  3:21  SCV  
  37  3:28  Factory Reactor, Starport  
  37  3:32  SCV  
  37  3:33  SCV  
  39  3:38  Marine x3  
  42  3:42  Supply Depot  
  42  3:45  SCV x2  
  44  3:53  Supply Depot  
  44  3:57  SCV  
  44  3:58  SCV  
  46  4:03  Marine x3  
  46  4:05  Supply Depot  
  49  4:10  SCV  
  49  4:13  Medivac x2  
  49  4:15  SCV  
  55  4:20  Factory Reactor  
  55  4:21  Marine x3  
  55  4:23  SCV  
  59  4:25  Refinery  
  59  4:27  SCV  
  59  4:30  Supply Depot  
  60  4:36  SCV  
  60  4:37  Engineering Bay  
  60  4:39  SCV  
  60  4:40  Marine x3  
  64  4:52  Starport Reactor  
  64  4:53  Supply Depot  
  64  4:54  SCV  
  64  4:55  SCV  
  64  4:57  Supply Depot  
  64  4:58  Marine x3  
  69  5:04  Barracks  
  69  5:14  Factory Tech Lab  
  69  5:22  Combat Shields  
  69  5:23  Barracks x2  
  69  5:24  Marine x3  
  72  5:32  Siege Tank  
  69  5:39  SCV  
  43  5:50  Marine x3  
  43  5:51  SCV  
  43  5:53  Marine  
  30  6:15  Marine x5  
Show
View Real Time Build Order
Export as new Build Order

TRUE Zerg - Winner!

Build Orders: Hatch First 

Get SALT Encoding   

  12  0:00  Drone  
  13  0:12  Overlord  
  13  0:17  Drone  
  14  0:30  Drone x2  
  14  0:34  Drone  
  17  0:53  Hatchery  
  17  0:55  Drone  
  17  1:10  Spawning Pool  
  16  1:12  Extractor  
  16  1:15  Drone  
  16  1:16  Drone  
  17  1:21  Drone  
  18  1:28  Drone  
  19  1:38  Overlord  
  19  1:58  Queen, Zergling x2  
  19  2:00  Zergling x2  
  23  2:04  Queen  
  23  2:05  Zergling x2  
  26  2:10  Drone  
  26  2:11  Metabolic Boost  
  26  2:15  Drone  
  28  2:24  Drone  
  28  2:27  Drone  
  30  2:33  Drone  
  30  2:35  Queen  
  33  2:37  Drone  
  33  2:42  Overlord  
  34  2:49  Pneumatized Carapace  
  34  2:50  Drone  
  35  2:54  Drone  
  36  3:01  Drone  
  37  3:06  Drone  
  37  3:08  Drone x2  
  37  3:10  Drone  
  41  3:13  Overlord  
  41  3:14  Drone  
  41  3:15  Drone  
  41  3:18  Drone  
  44  3:38  Hatchery  
  44  3:40  Drone x2  
  47  3:46  Drone x3  
  48  3:49  Extractor  
  48  3:54  Drone  
  48  3:55  Overlord  
  48  3:56  Zergling x2  
  48  3:57  Zergling x6  
  52  4:05  Baneling Nest  
  52  4:07  Zergling x2  
  52  4:10  Overlord  
  52  4:14  Zergling x2  
  52  4:16  Zergling x2  
  54  4:19  Zergling x2  
  54  4:20  Zergling x4  
  54  4:21  Zergling x2  
  54  4:22  Zergling x4  
  60  4:24  Overlord  
  60  4:30  Zergling x2  
  61  4:36  Zergling x2  
  62  4:38  Zergling x2  
  63  4:47  Zergling x2  
  63  4:50  Zergling x4  
  66  4:54  Zergling x2  
  66  4:58  Zergling x2  
  66  4:59  Zergling x10  
  73  5:01  Baneling x7  
  73  5:02  Baneling x10  
  73  5:03  Zergling x2  
  73  5:05  Zergling x2  
  75  5:09  Baneling  
  75  5:13  Baneling  
  75  5:14  Baneling  
  74  5:15  Overlord x2  
  74  5:18  Spine Crawler  
  70  5:37  Zergling x2  
  70  5:38  Zergling x20  
  75  5:43  Zergling x2  
  75  5:47  Baneling x7  
  75  5:49  Zergling x2  
  76  5:51  Zergling x2  
  76  5:53  Zergling x2  
  76  5:55  Zergling x4  
  73  6:01  Zergling x2  
  73  6:02  Zergling x2  
  75  6:05  Zergling x2  
  75  6:09  Zergling x2  
  75  6:10  Zergling x2  
  76  6:12  Overlord  
  76  6:14  Baneling x6, Hatchery  
  76  6:15  Zergling x2  
  73  6:19  Zergling x4  
  73  6:20  Zergling x2  
  73  6:21  Baneling  
Tags
 
Add a new tag
Caveats
  • Supply blocks, unpowered buildings, or Contaminate may cause inaccurate times.
  • Supply counts are checked every 10 seconds.